 Dungeon Crawl Stone Soup version 0.29.1-1-gd02db6906a (webtiles) character file.

Game seed: 11483736760522091075

3959 Metae the Protected (level 10, -12/91 HPs)
             Began as a Minotaur Fighter on Sept 28, 2022.
             Was a Follower of Okawaru.
             Mangled by a very large slime creature (22 damage)
             ... on level 9 of the Dungeon.
             The game lasted 00:31:01 (8987 turns).

Metae the Protected (Minotaur Fighter)              Turns: 8987, Time: 00:31:01

Health: -12/91     AC: 15    Str: 29    XL:     10   Next: 2%
Magic:  10/10      EV:  8    Int:  5    God:    Okawaru [*.....]
Gold:   667        SH:  5    Dex: 10    Spells: 9/9 levels left

rFire   . . .      SeeInvis .   x - +2 flail (vorpal)
rCold   x . .      Faith    +   c - +0 buckler
rNeg    . . .      Spirit   .   D - +0 chain mail
rPois   .          Reflect  .   (helmet restricted)
rElec   .          Harm     .   o - +0 cloak
rCorr   +          Rampage  .   i - +1 pair of gloves
Will    .....                   (no boots)
Stlth   ..........              F - amulet "Remarphyh" {Faith rF- Str+4 Slay+5}
HPRegen 0.25/turn               h - ring of fire
MPRegen 0.12/turn               p - ring of resist corrosion

@: no status effects
A: horns 2, retaliatory headbutt
a: Renounce Religion, Heroism


You were on level 9 of the Dungeon.
You worshipped Okawaru.
Okawaru was aware of your devotion.
You visited 2 branches of the dungeon, and saw 10 of its levels.
You also visited: Ossuary.

You collected 667 gold pieces.

Inventory:

Hand Weapons
 x - a +2 vorpal flail (weapon)
Missiles
 g - 113 stones (quivered)
 q - 4 boomerangs
 s - 4 throwing nets
Armour
 b - a +0 scale mail of fire resistance
 c - a +0 buckler (worn)
 i - a +1 pair of gloves (worn)
 o - a +0 cloak (worn)
 D - a +0 chain mail (worn)
 E - a +0 plate armour
Jewellery
 h - a ring of fire (left hand)
 m - an amulet of the acrobat
 p - a ring of resist corrosion (right hand)
 z - an amulet of reflection
 F - the amulet "Remarphyh" (around neck) {Faith rF- Str+4 Slay+5}
   (You found it on level 6 of the Dungeon)

   [amulet of faith]

   It allows you to gain divine favour quickly.
   Str:       It affects your strength (+4).
   Slay:      It affects your accuracy & damage with ranged weapons and melee
   (+5).
   rF:        It makes you vulnerable to fire.
Wands
 v - a wand of light (15)
 y - a wand of paralysis (2)
 O - a wand of roots (14)
 R - a wand of flame (16)
Scrolls
 a - a scroll of fear {unknown}
 f - 2 scrolls of blinking
 k - 2 scrolls of noise {unknown}
 n - a scroll of immolation
 t - 2 scrolls of silence
 u - 2 scrolls of magic mapping {unknown}
 w - 4 scrolls of enchant armour
 B - a scroll of teleportation {unknown}
 C - a scroll of butterflies {unknown}
 G - 4 scrolls of vulnerability {unknown}
 H - 3 scrolls of amnesia
 K - 2 scrolls of poison {unknown}
 N - a scroll of summoning {unknown}
 Q - 2 scrolls of identify
Potions
 d - 2 potions of might
 e - 6 potions of heal wounds
 j - 2 potions of curing
 l - 3 potions of cancellation
 r - a potion of lignification {unknown}
 A - 3 potions of haste
 I - 2 potions of brilliance {unknown}
 J - a potion of flight {unknown}
 L - 2 potions of attraction {unknown}
 M - 2 potions of berserk rage {unknown}
 P - a potion of degeneration {unknown}
 S - a potion of resistance


   Skills:
 + Level 9.3 Fighting
 + Level 8.8 Maces & Flails
 + Level 9.3 Armour
 - Level 8.5 Shields
 + Level 2.6 Invocations
 + Level 2.3 Evocations


You had 9 spell levels left.
You didn't know any spells.
Your spell library contained the following spells:

 Spells                   Type           Power      Damage    Failure   Level
 Freeze                   Ice            0%         1d3       95%         1
 Ensorcelled Hibernation  Hex/Ice        0%         N/A       99%         2
 Passwall                 Tmut/Erth      0%         N/A       99%         2
 Frozen Ramparts          Ice            0%         1d1       100%        3
 Swiftness                Air            0%         N/A       100%        3
 Hailstorm                Conj/Ice       0%         3d3       100%        4


Dungeon Overview and Level Annotations

Branches:
Dungeon (9/15)             Temple (1/1) D:6            Lair (0/5) D:9
Ossuary (visited)
    Orc: D:9-12

Altars:
Ashenzari
Cheibriados
Dithmenos
Elyvilon
Fedhas
Gozag
Hepliaklqana
Makhleb
Nemelex Xobeh
Okawaru
Qazlal
Ru
Sif Muna
Trog
Uskayaw
Vehumet
Wu Jian
Xom
Yredelemnul
Zin
The Shining One

Shops:
D:6 [   D:8 :


Innate Abilities, Weirdness & Mutations

You have a pair of horns on your head.
You reflexively headbutt those who attack you in melee.


Message History

The slime creature is heavily wounded.
The slime creature hits you.
Two slime creatures merge to form a large slime creature.
You barely miss the large slime creature.
Your headbutt misses the large slime creature.
The large slime creature is moderately wounded.
You completely miss the large slime creature.
You headbutt the large slime creature!
The large slime creature is moderately wounded.
Two slime creatures merge to form a very large slime creature.
You hit the very large slime creature.
You headbutt the very large slime creature!
The very large slime creature is moderately wounded.
You sock the very large slime creature!
The very large slime creature is heavily wounded.
The very large slime creature hits you but does no damage.
You sock the very large slime creature!
The very large slime creature is heavily wounded.
You hit the very large slime creature.
Your headbutt misses the very large slime creature.
The very large slime creature is heavily wounded.
You block the very large slime creature's attack.
You hit the very large slime creature but do no damage.
The very large slime creature is heavily wounded.
The very large slime creature barely misses you.
You sock the very large slime creature!
The very large slime creature is severely wounded.
The very large slime creature hits you!!!
Ouch! That really hurt!
You sock the very large slime creature!
You headbutt the very large slime creature!
The very large slime creature is severely wounded.
The very large slime creature hits you!!
* * * LOW HITPOINT WARNING * * *
A slime creature comes into view.
The very large slime creature attacks as you move away!
You block the very large slime creature's attack.
The very large slime creature attacks as you move away!
The very large slime creature hits you!!
You die...

#....## ..# ##.########
###.## #.........#
#....# #.........#
###.>..# #.........#
###......#
#.........####...#.....
#.....<........###....#
#.........###### ##.###
######@#### #..# #J#
#.## #.# #. #.# #. #.#
#.# #.# #J# #.#


You could see a very large slime creature and a slime creature.

Vanquished Creatures
  Grinder (D:4)
  A hornet (D:8)
  Eustachio (D:4)
  Menkaure (D:6)
  A water moccasin (D:7)
  2 ogres (D:5)
  An ice beast (D:8)
  An orc warrior (D:6)
  A black bear (D:6)
  2 phantoms
  A kobold brigand (D:5)
  2 bullfrogs
  2 necrophages
  A gnoll sergeant (D:8)
  A scorpion (D:4)
  13 wights
  5 killer bees (D:9)
  2 hounds
  A jelly (D:5)
  4 quasits (D:7)
  A gnoll bouda (D:6)
  3 orc priests
  Crazy Yiuf (D:2)
  3 iguanas
  Terence (D:3)
  Jessica (D:2)
  8 orc wizards
  Ijyb (D:4)
  8 mummies (Ossuary)
  16 gnolls
  10 adders
  2 shadow imps
  6 white imps
  2 ufetubi (D:7)
  6 worms
  2 dart slugs
  16 orcs
  5 bats
  7 endoplasms
  4 giant cockroaches
  A gnoll zombie (Ossuary)
  4 goblins
  5 hobgoblins
  4 quokkas
  9 ball pythons
  2 frilled lizards (D:1)
  2 hobgoblin zombies (Ossuary)
  11 kobolds
  3 kobold zombies (Ossuary)
  2 orc zombies (Ossuary)
  10 rats
200 creatures vanquished.

Vanquished Creatures (others)
  A demonic plant (D:7)
1 creature vanquished.

Grand Total: 201 creatures vanquished

Notes
Turn   | Place    | Note
-------+----------+-------------------------------------------
     0 | D:1      | Metae the Minotaur Fighter began the quest for the Orb.
     0 | D:1      | Reached XP level 1. HP: 19/19 MP: 0/0
   266 | D:1      | Reached XP level 2. HP: 24/27 MP: 1/1
   863 | D:2      | Reached XP level 3. HP: 26/33 MP: 2/2
   959 | D:2      | Found a faded altar of an unknown god.
  1334 | D:2      | Noticed Jessica
  1345 | D:2      | Killed Jessica
  1346 | D:2      | Reached XP level 4. HP: 41/41 MP: 3/3
  1849 | D:2      | Noticed a necrophage
  1865 | D:2      | Killed a necrophage
  1866 | D:2      | Reached XP level 5. HP: 36/47 MP: 4/4
  1991 | D:2      | Found a runed translucent door.
  1992 | D:2      | Noticed Crazy Yiuf
  2292 | D:2      | Killed Crazy Yiuf
  2293 | D:2      | Reached skill level 5 in Fighting
  2530 | D:3      | Reached skill level 5 in Shields
  2584 | D:3      | Reached skill level 5 in Armour
  2636 | D:3      | Found a shimmering blue altar of Sif Muna.
  2672 | D:3      | Noticed Terence
  2681 | D:3      | Killed Terence
  2855 | D:3      | Reached XP level 6. HP: 53/56 MP: 5/5
  3612 | D:4      | Noticed Ijyb
  3621 | D:4      | Killed Ijyb
  3663 | D:4      | Reached skill level 5 in Maces & Flails
  3663 | D:4      | Reached XP level 7. HP: 45/62 MP: 6/6
  3866 | D:4      | Noticed Grinder
  3869 | D:4      | Paralysed by Grinder for 4 turns
  3917 | D:4      | Killed Grinder
  4353 | D:4      | Noticed Eustachio
  4361 | D:4      | Killed Eustachio
  4362 | D:4      | Reached XP level 8. HP: 45/71 MP: 7/7
  4905 | D:5      | Entered Level 5 of the Dungeon
  5919 | D:6      | Noticed Menkaure
  5926 | D:6      | Killed Menkaure
  5927 | D:6      | Reached XP level 9. HP: 69/81 MP: 8/8
  6109 | D:6      | Found Madomu's Armour Boutique.
  6202 | D:6      | Found a staircase to the Ecumenical Temple.
  6238 | D:6      | Found a sand-covered staircase.
  6250 | D:6      | Identified the amulet "Remarphyh" {Faith rF- Str+4 Slay+5}
  6258 | Ossuary  | Entered an ossuary
  7009 | Temple   | Entered the Ecumenical Temple
  7221 | Temple   | Became a worshipper of Warmaster Okawaru
  7590 | D:7      | Found a hide-covered altar of Uskayaw.
  7593 | D:7      | Found a sacrificial altar of Ru.
  7619 | D:7      | Reached skill level 1 in Invocations
  7976 | D:8      | Reached skill level 1 in Evocations
  7989 | D:8      | Found Ymoeryb's Self-Improvement Boutique.
  7994 | D:8      | Reached * piety under Okawaru
  8847 | D:9      | Found a staircase to the Lair.
  8930 | D:9      | Reached XP level 10. HP: 84/91 MP: 10/10
  8987 | D:9      | Mangled by a very large slime creature

Illustrated notes

Levels and vault maps discovered:
D:1:      minmay_arrival_four_houses, layout_rooms
D:2:      layout_basic, dreamdust_ecumenical_altar_statues,
          minmay_shallow_snake_nest, uniq_crazy_yiuf_cottage, uniq_jessica
D:3:      layout_loops_ring, mainiacjoe_overflow_surrounded_room,
          grunt_ministairs_10, minmay_crystal_room, uniq_terence
D:4:      layout_loops_cross, uniq_ijyb, uniq_grinder, uniq_eustachio
D:5:      layout_loops_cross
D:6:      layout_basic, minmay_temple_entry_poolview,
          nicolae_ossuary_entry_ruins, serial_shops, shop, uniq_menkaure
D:7:      layout_cave_pools, minitemple, serial_demonic, serial_demonic_e,
          serial_demonic_a, serial_demonic_f, serial_demonic_c
D:8:      layout_basic, nicolae_shop_self_help
D:9:      layout_roguey, mainiacjoe_overflow_six_doors_small, lair_entry_dummy
Temple:   mainiacjoe_temple_bowtie_tessellation

Skill      XL: |  1  2  3  4  5  6  7  8  9 |
---------------+----------------------------+-----
Fighting       | 4 5 6 8 9 |  9.3
Armour         | 4 5 6 7 9 |  9.3
Shields        | 4 5 6 7 8 |  8.5
Maces & Flails | 3 4 5 7 8 |  8.8
Invocations    | 2 |  2.6
Evocations     | 2 |  2.3

Action                   |  1- 3 |  4- 6 |  7- 9 | 10-12 || total
-------------------------+-------+-------+-------+-------++-------
Melee: Flail             |    67 |   140 |   281 |    15 ||   503
       Headbutt          |     9 |    21 |    58 |     4 ||    92
Throw: Stone             |       |       |     3 |       ||     3
  Use: Scroll            |       |       |     9 |       ||     9
Armor: Scale mail        |    32 |    41 |    90 |       ||   163
       Ring mail         |       |    22 |       |       ||    22
       Chain mail        |       |       |    47 |     3 ||    50
Dodge: Dodged            |    24 |    43 |   106 |     4 ||   177
Block: Buckler           |    12 |    30 |    82 |     2 ||   126
